 Dungeon Crawl Stone Soup version 0.20-a0-1000-g0e8f6bb (webtiles) character file.

1087 puppykicker the Purveyor of Pain (level 8, -12/62 HPs)
             Began as a Minotaur Necromancer on Apr 12, 2017.
             Was an Initiate of Kikubaaqudgha.
             Mangled by an orc warrior
             ... wielding a +0 battleaxe
              (25 damage)
             ... on level 6 of the Dungeon.
             The game lasted 00:22:27 (6723 turns).

puppykicker the Purveyor of Pain (MiNe)             Turns: 6723, Time: 00:22:27

Health: -12/62     AC:  6    Str: 14    XL:     8   Next: 9%
Magic:  14/20      EV: 12    Int: 14    God:    Kikubaaqudgha [......]
Gold:   93         SH:  0    Dex: 10    Spells: 1/13 levels left

rFire    . . .     SeeInvis .   a - +0 halberd
rCold    + . .     Gourm    .   (shield currently unavailable)
rNeg     . . .     Faith    +   H - +1 leather armour {rPois}
rPois    +         Spirit   .   (helmet restricted)
rElec    .         Reflect  .   (no cloak)
rCorr    .         Harm     .   I - +0 pair of gloves
MR       .....                  v - +0 pair of boots
Stlth    +.........             J - amulet of faith {!P}
Regen    0.2/turn               s - ring of protection from cold
MPRegen  0.2/turn               C - ring of magical power

@: very slightly contaminated
A: retaliatory headbutt, horns 2
a: Renounce Religion


You were on level 6 of the Dungeon.
You worshipped Kikubaaqudgha.
Kikubaaqudgha was noncommittal.
You were not hungry.

You visited 2 branches of the dungeon, and saw 7 of its levels.

You collected 345 gold pieces.
You spent 252 gold pieces at shops.


Innate Abilities, Weirdness & Mutations

You reflexively headbutt those who attack you in melee.
You have a pair of horns on your head.


   Skills:
 - Level 2.5 Fighting
 * Level 5.0 Polearms
 - Level 2.1 Dodging
 - Level 1.5 Stealth
 + Level 3.2 Spellcasting
 + Level 2.1 Charms
 + Level 5.3 Necromancy


You had one spell level left.
You knew the following spells:

 Your Spells              Type           Power        Failure   Level  Hunger
a - Pain                  Necr           ###.         3%          1    #......
c - Vampiric Draining     Necr           ###.......   12%         3    ###....
r - Regeneration          Chrm/Necr      ##........   17%         3    ###....
z - Animate Skeleton      Necr           N/A          3%          1    #......
Z - Animate Dead          Necr           N/A          30%         4    #####..

Inventory:

Hand Weapons
 a - a +0 halberd (weapon)
 c - a +0 shortbow
 w - a +0 war axe of electrocution
Missiles
 e - 53 bolts
 y - 3 javelins (quivered)
 G - 71 arrows
Armour
 o - the +0 leather armour of Jaung {rN++ Dex+3 Stlth-}
   (You found it on level 5 of the Dungeon)

   It affects your dexterity (+3).
   It greatly protects you from negative energy.
   It makes you less stealthy.
 v - a +0 pair of boots (worn)
 H - a +1 leather armour of poison resistance (worn)
 I - a +0 pair of gloves (worn)
Magical Staves
 b - an uncursed staff of wizardry
Jewellery
 s - a ring of protection from cold (left hand)
 C - a ring of magical power (right hand)
 J - an amulet of faith (around neck) {!P}
Wands
 F - a wand of confusion (10/48)
Scrolls
 h - 2 scrolls of enchant weapon {unknown}
 k - 2 scrolls of blinking
 l - a scroll of remove curse
 n - a scroll of recharging {unknown}
 r - a scroll of immolation {unknown}
 t - 2 scrolls of teleportation {unknown}
 D - 2 scrolls of enchant armour {unknown}
Potions
 d - 2 potions of mutation {!q}
 f - a potion of agility
 g - 2 potions of invisibility
 i - 2 potions of might
 j - 2 potions of heal wounds
 m - 2 potions of resistance
 p - 3 potions of curing
 z - a potion of berserk rage
 B - a potion of magic
Books
 x - a book of Necromancy
Comestibles
 q - 5 bread rations
 u - 3 meat rations
 A - a royal jelly
 E - 3 fruits

Dungeon Overview and Level Annotations

Branches:
Dungeon (6/15)             Temple (1/1) D:5

Altars:
Ashenzari
Cheibriados
Dithmenos
Elyvilon
Fedhas
Gozag
Hepliaklqana
Kikubaaqudgha
Makhleb
Nemelex Xobeh
Okawaru
Qazlal
Ru
Sif Muna
Trog
Uskayaw
Vehumet
Wu Jian
Xom
Yredelemnul
Zin
The Shining One

Shops:
D:5 [([![

.......(.# ...#####(#
#.....#######
#....##.....#
#....+......#
#....##.....#
#....##....♣♣♣
.......#..........P≈♣≈
........#......@...P≈≈P
........+....##ho.(.P≈≈
........#...5##5....≈≈≈
........#..<.##....≈≈♣≈
........#....##....♣♣♣
........#...5.......#
........'....##.....#
........#....########
........###+###.....#


You could see an orc warrior, a black bear (berserk) and a crimson imp.


Message History

* * * LOW HITPOINT WARNING * * *
The black bear claws you but does no damage.
The black bear bites you.
* * * LOW HITPOINT WARNING * * *
The black bear claws you but does no damage.
The black bear claws you.
* * * LOW HITPOINT WARNING * * *
The black bear rages.
Aiming: Vampiric Draining
Aim: an orc warrior, wielding a battleaxe and wearing a plate armour The orc warrior is moderately wounded.
You feel life coursing into your body. The black bear bites you!
* * * LOW HITPOINT WARNING * * *
The black bear claws you but does no damage. x2
The orc warrior closely misses you. You furiously retaliate!
You headbutt the orc warrior.
Aiming: Vampiric Draining
Aim: a black bear (severely wounded, berserk, fast, unusually strong)
You miscast Vampiric Draining.
You are very lightly contaminated with residual magic.
The world around you seems to dim momentarily.
The black bear closely misses you. x2; The black bear completely misses you.
The black bear bites you.
* * * LOW HITPOINT WARNING * * *
The black bear claws you.
* * * LOW HITPOINT WARNING * * *
The black bear closely misses you.
The orc warrior hits you with a battleaxe!!
You die...
Kikubaaqudgha rasps: "You have failed me!
Welcome... death!"

Action                   |  1- 3 |  4- 6 |  7- 9 || total
-------------------------+-------+-------+-------++-------
Melee: Hand axe          |    45 |       |       ||    45
       Whip              |     5 |       |       ||     5
       Headbutt          |     7 |    18 |    15 ||    40
       War axe           |    51 |   125 |    41 ||   217
       Halberd           |       |       |    52 ||    52
 Cast: Animate Skeleton  |     8 |    12 |     5 ||    25
       Pain              |     2 |       |       ||     2
       Vampiric Draining |       |     5 |     4 ||     9
       Regeneration      |       |     3 |       ||     3
  Use: Scroll            |       |     5 |     4 ||     9
       Potion            |       |     3 |       ||     3
 Stab: Sleeping          |     2 |     1 |     1 ||     4
  Eat: Chunk             |     3 |    11 |     7 ||    21
Armor: Robe              |    28 |    37 |     1 ||    66
       Leather armour    |       |       |    27 ||    27
Dodge: Dodged            |    70 |    98 |    71 ||   239

Vault maps used:
D:1:      matt_arrival_grand_opening
D:3:      first_bread
D:4:      old_standard_altar, uniq_sigmund, uniq_iyjb
D:5:      temple_green, serial_shops, shop_fountains, nicolae_shop_trees,
          shop_fountains, nicolae_shop_waterfront, nicolae_shop_waterfront
D:6:      serial_shops, shop, serial_bayou, serial_bayou_shore_b,
          serial_bayou_shore_b, serial_bayou_shore_b, serial_bayou_pond_e,
          serial_bayou_pond_e, minmay_misc_feat_enclosed
Temple:   dpeg_three_leaves_temple

Notes
Turn   | Place    | Note
-------+----------+-------------------------------------------
     0 | D:1      | puppykicker the Minotaur Necromancer began the quest for the Orb.
     0 | D:1      | Reached XP level 1. HP: 14/14 MP: 1/1
    13 | D:1      | Learned a level 1 spell: Animate Skeleton
    22 | D:1      | Reached skill level 3 in Necromancy
   335 | D:1      | Reached XP level 2. HP: 22/22 MP: 1/3
   485 | D:1      | Reached skill level 1 in Fighting
   906 | D:1      | Reached XP level 3. HP: 28/28 MP: 4/4
  1505 | D:2      | Reached skill level 2 in Spellcasting
  1524 | D:2      | Learned a level 3 spell: Vampiric Draining
  1804 | D:2      | Reached XP level 4. HP: 31/36 MP: 6/6
  1851 | D:2      | Reached skill level 2 in Fighting
  2057 | D:3      | Reached skill level 1 in Polearms
  2787 | D:3      | Reached XP level 5. HP: 29/42 MP: 7/7
  2970 | D:4      | Found a sacrificial altar of Ru.
  2970 | D:4      | Noticed Sigmund
  2979 | D:3      | Learned a level 3 spell: Regeneration
  3295 | D:4      | Noticed Ijyb
  3319 | D:4      | Killed Ijyb
  3319 | D:4      | Reached skill level 2 in Polearms
  3598 | D:4      | Reached skill level 4 in Necromancy
  3813 | D:4      | Reached XP level 6. HP: 45/50 MP: 8/8
  3981 | D:4      | Identified 3 potions of resistance
  3982 | D:4      | HP: 1/50 [something (7)]
  3984 | D:4      | Killed Sigmund
  3984 | D:4      | Reached skill level 3 in Polearms
  3984 | D:4      | Reached skill level 1 in Charms
  4445 | D:5      | Entered Level 5 of the Dungeon
  4484 | D:4      | Reached XP level 7. HP: 32/56 MP: 10/10
  4910 | D:5      | Found Kag Kisch's Armour Boutique.
  4918 | D:5      | Bought a +1 leather armour of poison resistance for 143 gold pieces
  4918 | D:5      | Bought a +0 pair of gloves for 58 gold pieces
  4956 | D:5      | Found Toka's Antique Armour Boutique.
  5127 | D:5      | Reached skill level 5 in Necromancy
  5556 | D:5      | Reached skill level 3 in Spellcasting
  5576 | D:5      | Reached skill level 4 in Polearms
  5590 | D:5      | Learned a level 4 spell: Animate Dead
  5689 | D:5      | Found Ypaekhly's Weapon Shoppe.
  5697 | D:5      | Bought a +0 halberd for 40 gold pieces
  5771 | D:5      | Found Xupem's Armour Shop.
  5782 | D:5      | Found Mesi's Distillery.
  5790 | D:5      | Found a staircase to the Ecumenical Temple.
  5797 | Temple   | Entered the Ecumenical Temple
  5814 | Temple   | Became a worshipper of Kikubaaqudgha
  5878 | D:5      | Got a smoking leather armour
  5889 | D:5      | Identified the cursed +0 leather armour of Jaung {rN++ Dex+3 Stlth-} (You found it on level 5 of the Dungeon)
  5921 | D:5      | Reached skill level 2 in Charms
  5998 | D:5      | Bought a potion of degeneration for 11 gold pieces
  6416 | D:6      | Reached XP level 8. HP: 46/62 MP: 11/11
  6421 | D:6      | Reached skill level 5 in Polearms
  6723 | D:6      | Mangled by an orc warrior

Vanquished Creatures
  Sigmund (D:4)
  A phantom (D:4)
  An ogre (D:5)
  A centaur (D:5)
  A bullfrog (D:6)
  2 hounds
  A jelly (D:5)
  2 orc priests (D:6)
  An orc wizard (D:6)
  Ijyb (D:4)
  3 worker ants
  4 iguanas
  A hound skeleton (D:6)
  3 worker ant zombies (D:5)
  8 adders
  A shadow imp (D:5)
  An ooze (D:2)
  2 adder skeletons
  3 worms
  2 dart slugs (D:1)
  4 leopard geckos
  6 orcs
  2 ball pythons
  8 giant cockroaches
  13 goblins
  8 hobgoblins
  12 jackals
  6 kobolds
  4 quokkas
  7 bats
  5 frilled lizards
  A leopard gecko skeleton (D:4)
  A quokka skeleton (D:4)
  6 rats
123 creatures vanquished.

Vanquished Creatures (collateral kills)
  A frilled lizard (D:1)
1 creature vanquished.

Grand Total: 124 creatures vanquished
